Map: Prion Terraces

Players

Goose

  • Race: Terran Terran
  • League: Platinum

LilDicky - Winner!

  • Race: Terran Terran
  • League: Diamond

VOD

http://www.twitch.tv/tumescentpie

Description

Time

  • Played on: Dec. 1, 2015, 1:34 p.m.
  • Length: 8:03
Show
View Real Time Build Order
Export as new Build Order

Goose Terran 

Build Orders:  

Get SALT Encoding   

  12  0:02  SCV  
  14  0:14  SCV  
  14  0:18  Supply Depot  
  14  0:26  SCV  
  15  0:34  Refinery  
  15  0:40  SCV  
  16  0:45  Barracks  
  16  0:52  SCV  
  17  1:04  SCV  
  17  1:06  Barracks  
  18  1:17  Supply Depot  
  18  1:20  SCV  
  19  1:32  SCV  
  20  1:40  Reaper  
  21  1:47  Barracks  
  21  1:53  SCV  
  22  1:57  Reaper  
  23  2:05  Orbital Command  
  23  2:16  Reaper  
  24  2:30  SCV  
  24  2:31  Reaper  
  26  2:42  SCV  
  27  2:44  Supply Depot  
  27  2:55  SCV  
  27  2:56  Reaper  
  29  3:07  SCV  
  29  3:11  Command Center  
  30  3:15  Supply Depot  
  30  3:19  SCV  
  30  3:27  Reaper  
  30  3:30  Reaper  
  30  3:31  SCV  
  30  3:52  Refinery  
  30  3:57  SCV  
  31  4:05  Engineering Bay  
  31  4:09  SCV  
  32  4:14  Marine  
  32  4:15  Marine x2  
  35  4:19  Factory  
  35  4:21  Supply Depot, SCV  
  36  4:32  Marine  
  36  4:37  Missile Turret  
  36  4:38  Missile Turret  
  36  4:39  Missile Turret  
  36  4:40  Barracks Tech Lab  
  36  4:42  Barracks Tech Lab  
  36  4:45  SCV, Orbital Command  
  37  4:48  Missile Turret  
  37  4:52  Marine  
  38  4:57  SCV  
  38  4:59  Missile Turret  
  39  5:01  Marine x2  
  39  5:05  Starport  
  41  5:09  SCV  
  41  5:12  Factory Reactor  
  41  5:13  Barracks Tech Lab  
  42  5:16  SCV  
  42  5:20  Hi-Sec Auto Tracking  
  44  5:21  SCV  
  44  5:28  SCV  
  44  5:30  Missile Turret  
  43  5:36  Marine x2  
  43  5:42  Marine  
  43  5:50  SCV x2  
  43  5:54  Marine x2  
  47  5:59  Bunker  
  47  6:00  Marine  
  48  6:05  Viking  
  48  6:07  Combat Shields  
  48  6:11  Marine x2  
  48  6:13  Missile Turret  
  48  6:15  SCV  
  48  6:24  Marine  
  48  6:29  Marine  
  48  6:39  Barracks x2  
  44  6:42  Marine x2  
  44  6:43  Viking  
  46  6:51  SCV  
  46  6:56  Command Center  
  46  6:57  SCV  
  46  7:03  SCV  
  47  7:09  SCV  
  47  7:15  SCV  
  49  7:18  Factory Tech Lab  
  49  7:19  Engineering Bay  
  48  7:25  Marine x2  
  48  7:26  Marine  
  51  7:30  SCV  
  51  7:36  Barracks  
  54  7:40  SCV  
  54  7:42  SCV  
Show
View Real Time Build Order
Export as new Build Order

LilDicky Terran - Winner!

Build Orders: Banshee Rush 

Get SALT Encoding   

  12  0:02  SCV  
  13  0:14  SCV  
  13  0:18  Supply Depot  
  14  0:26  SCV  
  15  0:29  Refinery  
  15  0:40  SCV  
  16  0:50  Barracks  
  16  0:52  SCV  
  17  1:04  SCV  
  18  1:16  SCV  
  19  1:28  SCV  
  20  1:34  Supply Depot  
  20  1:44  Reaper  
  20  1:45  Orbital Command  
  21  1:51  Refinery  
  21  1:55  Factory  
  21  2:08  Supply Depot  
  21  2:16  SCV  
  22  2:24  Marine  
  23  2:42  Widow Mine  
  25  2:44  Starport  
  25  2:47  Marine  
  26  2:54  SCV  
  26  3:03  Bunker  
  26  3:05  Marine  
  27  3:19  Hellion  
  29  3:20  SCV  
  29  3:23  Marine  
  29  3:29  Starport Tech Lab  
  26  3:41  Marine  
  25  3:51  SCV  
  25  3:55  Banshee, Hellion, Cloaking Field  
  28  3:59  Marine  
  32  4:21  Hellion  
  34  4:36  SCV  
  34  4:38  Banshee, Engineering Bay  
  35  4:39  Marine  
  39  4:49  Command Center  
  39  4:54  SCV  
  39  4:55  Factory Tech Lab  
  40  5:02  Marine  
  40  5:06  SCV  
  42  5:17  Refinery  
  42  5:18  SCV, Refinery  
  42  5:19  Supply Depot  
  43  5:30  SCV  
  44  5:42  SCV  
  42  5:53  Siege Tank  
  42  5:54  SCV  
  42  5:55  Banshee  
  49  6:15  Marine  
  49  6:17  SCV  
  51  6:18  Orbital Command  
  51  6:25  Siege Tank  
  51  6:29  SCV  
  55  6:33  Marine  
  56  6:47  Banshee  
  56  6:51  Marine  
  60  6:57  Siege Tank  
  60  6:58  SCV  
  60  6:59  SCV  
  62  7:08  Supply Depot  
  62  7:09  Marine  
  62  7:10  SCV  
  62  7:11  SCV  
  65  7:23  SCV  
  65  7:27  Marine  
  65  7:28  Command Center  
  65  7:30  Siege Tank  
  65  7:33  SCV  
  66  7:44  Marine  
Tags
 
Add a new tag
Caveats
  • Supply blocks, unpowered buildings, or Contaminate may cause inaccurate times.
  • Supply counts are checked every 10 seconds.